 Dungeon Crawl Stone Soup version 0.31-a0-931-g7b59d4eb97 (webtiles) character file.

Game seed: 1665494715798285834

151 Azuregosa the Covert (level 5, -3/36 HPs)
             Began as an Octopode Delver on Oct 19, 2023.
             Was a Believer of Dithmenos.
             Slain by an adder (5 damage)
             ... on level 4 of the Dungeon.
             The game lasted 00:15:09 (3179 turns).

Azuregosa the Covert (Octopode Delver)              Turns: 3179, Time: 00:15:10

Health: -3/36      AC:  1    Str: 11    XL:     5   Next: 33%
Magic:  8/8        EV:  2    Int: 21    God:    Dithmenos [**....]
Gold:   178        SH:  0    Dex: 13    Spells: 9/9 levels left

rFire   . . .        g - +0 falchion
rCold   . . .        (no shield)
rNeg    . . .        (helmet restricted)
rPois   .            (no amulet)
rElec   .            j - +6 ring of intelligence
rCorr   .            (no ring)
SInv    .            (no ring)
Will    .....        (no ring)
Stlth   ++++++       (no ring)
HPRegen 0.26/turn    (no ring)
MPRegen 0.11/turn    (no ring)
                     (no ring)

%: no passive effects
@: lethally poisoned (-3 -> -4), sleeping, wreathed by umbra
A: almost no armour, amphibious, 8 rings, camouflage 1, gelatinous body 1,
(nimble swimmer 1), tentacles
a: Renounce Religion, Shadow Step


You were on level 4 of the Dungeon.
You worshipped Dithmenos.
Dithmenos was pleased with you.
You visited 1 branch of the dungeon, and saw 6 of its levels.

You collected 178 gold pieces.

Inventory:

Hand Weapons
 g - a +0 falchion (weapon)
 k - a +0 spear
 v - a +0 spear
Missiles
 m - 30 stones
 y - 6 poisoned darts
Armour
 o - an orb of light
Jewellery
 j - a +6 ring of intelligence (left tentacle)
Wands
 e - a wand of digging (3)
 u - a wand of roots (8)
Scrolls
 a - 2 scrolls of fog
 c - 3 scrolls of fear
 h - 5 scrolls of identify {unknown}
 l - a scroll of poison {unknown}
 n - 2 scrolls of enchant armour {unknown}
 p - a scroll of noise {unknown}
 s - 2 scrolls of teleportation {unknown}
 t - a scroll of enchant weapon {unknown}
Potions
 b - a potion of mutation {unknown}
 d - a potion of haste
 f - 3 potions of curing
 i - a potion of enlightenment {unknown}
 q - a potion of magic {unknown}
 r - 3 potions of heal wounds {unknown}
 w - a potion of berserk rage {unknown}
 x - a potion of might {unknown}


   Skills:
 - Level 3.0 Fighting
 - Level 3.0 Dodging
 - Level 8.0 Stealth
 - Level 2.0 Unarmed Combat
 + Level 2.5 Spellcasting


You had 9 spell levels left.
You didn't know any spells.
Your spell library contained the following spells:

 Spells                   Type           Power      Damage    Failure   Level
 Necrotise                Necr           8%         1d4       14%         1
 Vampiric Draining        Necr           2%         2d6       38%         3
 Olgreb's Toxic Radiance  Pois           2%         N/A       80%         4
 Agony                    Necr           2%         N/A       98%         5
 Discord                  Hex            1%         N/A       100%        8
 Ignition                 Fire           1%         3d3       100%        8


Dungeon Overview and Level Annotations

Branches:
Dungeon (6/15)             Temple (0/1) D:4

Altars:
Dithmenos
Makhleb
Okawaru
Sif Muna
Zin

Shops:
D:2 ::


Innate Abilities, Weirdness & Mutations

You cannot wear most types of armour.
You are amphibious.
You can wear up to eight rings at the same time.
Your skin changes colour to match your surroundings (Stealth+).
Your rubbery body absorbs attacks. (AC +1, EV +1)
((You are camouflaged when in or above water. (Stealth+)))
You have tentacles for arms and can constrict up to eight enemies at once.


Message History

You hit the sleepcap but do no damage. You grab the sleepcap.
You constrict the sleepcap, but do no damage.
The sleepcap closely misses you.
You hit the sleepcap but do no damage. You constrict the sleepcap.
The sleepcap closely misses you. The adder barely misses you.
The sleepcap misses you.
You hit the sleepcap but do no damage.
The sleepcap is lightly damaged.
You constrict the sleepcap. The adder bites you.
You are poisoned.
The adder poisons you! The sleepcap barely misses you.
The adder closely misses you.
You hit the sleepcap.
The sleepcap is moderately damaged.
You constrict the sleepcap, but do no damage.
You feel sick. The sleepcap releases spores at you!
You are engulfed in a cloud of soporific spores!
You fall asleep.
You lose your grip on the sleepcap.
The adder bites you.
You wake up.
You are more poisoned.
The adder poisons you!
You completely miss the adder. You grab the adder. You constrict the adder.
You feel sick. The adder bites you. The sleepcap barely misses you.
The adder bites you. The sleepcap closely misses you.
You hit the adder.
The adder is heavily wounded.
You constrict the adder, but do no damage.
You feel sick. The adder barely misses you. The sleepcap closely misses you.
The adder barely misses you.
You barely miss the adder.
The adder is heavily wounded.
You constrict the adder.
You feel sick. The adder closely misses you.
The sleepcap releases spores at you.
* * * LOW HITPOINT WARNING * * *
You are engulfed in a cloud of soporific spores!
You fall asleep.
You lose your grip on the adder.
* * * LOW HITPOINT WARNING * * *
You feel sick. The adder bites you.
You die...

## #......
>. ..
#.....P ..
P. #......
S##. ......
.P. .... .)
#..##.#
#..f#.#
#@S.# ##..#
#..# #..#
#+## #..#
...## # #..#
#..# ##.
#..#
##.###<## ..
#..#
........##.#
##.###


You could see a sleepcap and an adder.

Vanquished Creatures
  A hound (D:5)
  3 adders (D:2)
  A worm (D:2)
  3 dart slugs
  An orc (D:3)
  5 bats
  6 endoplasms
  2 giant cockroaches
  4 goblins
  9 hobgoblins
  11 jackals
  3 quokkas
  7 ball pythons
  7 frilled lizards
  6 kobolds
  12 rats
81 creatures vanquished.

Notes
Turn   | Place    | Note
-------+----------+-------------------------------------------
     0 | D:5      | Azuregosa the Octopode Delver began the quest for the Orb.
     0 | D:5      | Reached XP level 1. HP: 16/16 MP: 1/1
   182 | D:5      | Found a glowing silver altar of Zin.
   182 | D:5      | Noticed an angel
   183 | D:5      | Found a burning altar of Makhleb.
   284 | D:5      | Noticed a cacodemon
   318 | D:5      | Noticed a scorpion
   335 | D:5      | Found a shadowy altar of Dithmenos.
   335 | D:5      | Noticed a hound
   362 | D:3      | Reached skill level 7 in Stealth
   370 | D:3      | Found a shimmering blue altar of Sif Muna.
   417 | D:3      | Reached XP level 2. HP: 16/21 MP: 2/2
   508 | D:5      | Became a worshipper of Dithmenos the Shadowed
   521 | D:5      | Reached skill level 8 in Stealth
   521 | D:5      | Reached XP level 3. HP: 11/26 MP: 3/3
   672 | D:2      | Found Vakuc's Book Shop.
   784 | D:2      | Reached XP level 4. HP: 31/31 MP: 4/4
   909 | D:2      | Found a faded altar of an unknown god.
  1302 | D:1      | Reached * piety under Dithmenos
  1436 | D:2      | Found Geank's Book Emporium.
  1446 | D:2      | Reached skill level 1 in Spellcasting
  2039 | D:2      | Reached XP level 5. HP: 17/36 MP: 7/7
  2538 | D:3      | Found an iron altar of Okawaru.
  2697 | D:3      | Reached ** piety under Dithmenos
  3167 | D:4      | Found a staircase to the Ecumenical Temple.
  3179 | D:4      | Slain by an adder

Illustrated notes

Levels and vault maps discovered:
D:1:      onia_arrival_mini_spirals, layout_basic, minmay_misc_feat_cross
D:2:      layout_basic, nicolae_ecumenical_lake_church, serial_shops, shop,
          shop, roderic_roman_lattice
D:3:      layout_basic, mainiacjoe_overflow_tiny_flanked,
          okawaru_ov_weapons_minmay, serial_forest,
          infiniplex_forest_clump_tiny, infiniplex_forest_end_3,
          infiniplex_forest_lined_ring, infiniplex_forest_straight_4,
          infiniplex_forest_pool, infiniplex_forest_lined_ring,
          bh_walls_and_bars
D:4:      layout_rooms, minmay_temple_entry_gardened_gates, serial_shops,
          kennysheep_mini_moat, saegor_snake_ambush
D:5:      layout_basic, nicolae_dithmenos_the_darkroom,
          grunt_temple_overflow_order_and_chaos_2
D:6:      layout_loops_ring, grunt_gozag_breadcrumbs, amcnicky_altar_gilded,
          minmay_holes, minmay_statues_item, minivault_19,
          minmay_tree_intersection

Skill      XL: |  1  2  3  4  5 |
---------------+----------------+-----
Stealth        | 7 8 |  8.0
Dodging        | 3 |  3.0
Spellcasting   | 1 2 |  2.5
Fighting       | |  3.0
Unarmed Combat | |  2.0

Action                     |  1- 3 |  4- 6 || total
---------------------------+-------+-------++-------
  Melee: Falchion          |    23 |   137 ||   160
         Unarmed           |     6 |       ||     6
         Constrict         |     9 |    35 ||    44
         Tentacles         |     4 |    14 ||    18
         Punch             |       |     1 ||     1
    Use: Scroll            |     1 |       ||     1
         Potion            |     1 |       ||     1
   Stab: Sleeping          |     2 |    21 ||    23
         Distracted        |       |     1 ||     1
 Armour: Skin              |    16 |    56 ||    72
  Dodge: Dodged            |    25 |    96 ||   121

Table legend: (Time is in decaauts)
 A = Elapsed time spent in this place.
 B = Non-inter-level travel time spent in this place.
 C = Inter-level travel time spent in this place.
 D = Time resting spent in this place.
 E = Time spent auto-exploring this place.
 F = Levels seen in this place.
 G = Mean time per level.
                   A        B        C        D        E       F      G
               +--------+--------+--------+--------+--------+-----+--------+
         Total |   3231 |   3145 |     86 |    489 |   1431 |   6 |  538.5 |
       Dungeon |   3231 |   3145 |     86 |    489 |   1431 |   6 |  538.5 |
               +--------+--------+--------+--------+--------+-----+--------+

Top non-repeatable levels by time:
     D:3: 959 daAuts
     D:1: 874 daAuts
     D:2: 833 daAuts
     D:5: 390 daAuts
     D:4: 102 daAuts
     D:6: 70 daAuts
